 Dungeon Crawl Stone Soup version 0.18.1-2-ga659475 (webtiles) character file.

45 Esekla the Ducker (level 3, -8/16 HPs)
             Began as a Felid Earth Elementalist on May 8, 2016.
             Was an Initiate of Dithmenos.
             Killed by nerve-wracking pain
             ... invoked by an orc priest
              (14 damage)
             ... on level 3 of the Dungeon.
             The game lasted 01:00:58 (3210 turns).

Esekla the Ducker (Felid Earth Elementalist)        Turns: 3210, Time: 01:00:59

Health: -8/16      AC:  1    Str:  4    XL:     3   Next: 42%
Magic:  5/7        EV: 14    Int: 16    God:    Dithmenos [......]
Gold:   222        SH:  0    Dex: 17    Spells: 3 memorised, 1 level left
                                        Lives:  0   Deaths: 1

rFire  . . .     SeeInvis +     a - 47 stones
rCold  . . .     Gourm    .     (armour unavailable)
rNeg   . . .     Faith    .     (shield unavailable)
rPois  .         Spirit   .     (helmet unavailable)
rElec  .         Dismiss  .     (cloak unavailable)
rCorr  .         Reflect  .     (gloves unavailable)
SustAt .         Harm     .     (boots unavailable)
MR     .....                    (no amulet)
Stlth  +++.......               (no ring)
                                (no ring)

@: quick, not resistant to hostile enchantments, fairly stealthy
A: no armour, no weapons or thrown items, claws 1, fangs 3, see invisible,
carnivore 3, speed 1, shaggy fur 1, slow metabolism 1, sharp paws
a: Renounce Religion


You were on level 3 of the Dungeon.
You worshipped Dithmenos.
Dithmenos was noncommittal.
You were not hungry.

You visited 1 branch of the dungeon, and saw 3 of its levels.

You collected 222 gold pieces.

Inventory:

Missiles
 a - 47 stones (in mouth)
Scrolls
 c - a scroll of recharging {unknown}
 d - 3 scrolls of remove curse {unknown}
 e - a scroll of amnesia {unknown}
 i - a scroll of identify {unknown}
 j - a scroll of fear {unknown}
 k - a scroll of enchant weapon {unknown}
 l - 2 scrolls of immolation {unknown}
Potions
 f - a potion of agility {unknown}
 g - a potion of berserk rage
 h - a potion of degeneration {unknown}
Books
 b - a book of Geomancy

   Spells                             Type                      Level
   a - Sandblast                      Earth                        1
   b - Passwall                       Transmutation/Earth          2
   c - Stone Arrow                    Conjuration/Earth            3
   d - Petrify                        Transmutation/Earth          4
   e - Lee's Rapid Deconstruction     Earth                        5
Comestibles
 m - a slice of pizza


   Skills:
 * Level 1.9 Fighting
 + Level 4.2 Dodging
 - Level 3.0 Stealth
 + Level 2.5 Spellcasting
 + Level 1.1 Transmutations
 - Level 3.1 Earth Magic


You had one spell level left.
You knew the following spells:

 Your Spells              Type           Power        Failure   Level  Hunger
a - Sandblast             Erth           ##....       8%          1    #......
b - Passwall              Trmt/Erth      #.........   14%         2    ##.....
c - Stone Arrow           Conj/Erth      #.....       34%         3    ###....


Dungeon Overview and Level Annotations

Branches:
Dungeon (3/15)

Altars:
Ashenzari
Dithmenos
Fedhas
Qazlal

Annotations:
D:1 1 runed door
D:3 jackrogers's ghost, amateur HOFi


Innate Abilities, Weirdness & Mutations

You cannot wear armour.
You are incapable of wielding weapons or throwing items.
You have sharp claws.
You have razor-sharp teeth.
You have supernaturally acute eyesight.
You are carnivorous and can eat meat at any time.
You cover ground quickly.
You are covered in fur (AC +1).
You have a slow metabolism.
Your sharp claws are effective at attacking unaware monsters.


Message History

Casting: Stone Arrow
Confirm with . or Enter, or press ? or * to list all spells.
Aiming: Sandblast
Press: ? - help, Shift-Dir - straight line, f - orc priest
Aim: an orc priest, wielding a war axe and wearing a chain mail The rocky blast hits the orc priest.
Casting: Sandblast
Confirm with . or Enter, or press ? or * to list all spells.
Aiming: Sandblast
Press: ? - help, Shift-Dir - straight line, f/p - orc priest
Aim: an orc priest, wielding a war axe and wearing a chain mail The rocky blast hits the orc priest.
The orc priest calls down the wrath of Beogh upon you.
Pain shoots through your body!
Ouch! That really hurt!
The bat hits you but does no damage. The bat closely misses you.
The orc priest invokes the aid of Beogh against you.
Pain shoots through your body!
Ouch! That really hurt!
You die...

###
###.####
#...o..#
#.#.@#.#
#.#b##.#
#.#....#
#.######
#o# #.#
#.# .
#.# o..
#.#


You could see an orc priest and a bat.

Vanquished Creatures
  An adder (D:2)
  A worm (D:2)
  A dart slug (D:2)
  2 giant geckos (D:2)
  A ball python (D:1)
  8 bats
  2 giant cockroaches (D:2)
  7 goblins
  4 hobgoblins (D:1)
  6 jackals (D:2)
  A quokka (D:2)
  3 giant newts (D:2)
  9 kobolds
  39 rats
  A fungus (D:1)
86 creatures vanquished.

Notes
Turn   | Place    | Note
--------------------------------------------------------------
     0 | D:1      | Esekla the Felid Earth Elementalist began the quest for the Orb.
     0 | D:1      | Reached XP level 1. HP: 7/7 MP: 4/4
     1 | D:1      | Found a runed door.
   591 | D:1      | Reached XP level 2. HP: 10/11 MP: 6/6
   598 | D:1      | Learned a level 2 spell: Passwall
   705 | D:1      | Reached skill level 3 in Dodging
  1560 | D:2      | Found a stormy altar of Qazlal.
  1676 | D:2      | Found a shattered altar of Ashenzari.
  1715 | D:2      | Reached XP level 3. HP: 6/15 MP: 4/7
  1837 | D:2      | Learned a level 3 spell: Stone Arrow
  1872 | D:2      | Reached skill level 1 in Fighting
  2145 | D:2      | Reached skill level 4 in Dodging
  2233 | D:2      | Found a blossoming altar of Fedhas.
  2468 | D:2      | Reached XP level 4. HP: 19/19 MP: 8/8
  2710 | D:2      | Found a shadowy altar of Dithmenos.
  2772 | D:2      | Became a worshipper of Dithmenos the Shadowed
  2870 | D:3      | Noticed jackrogers's ghost (amateur HOFi)
  2877 | D:3      | Noticed an ogre
  3133 | D:2      | Slain by a bat
  3134 | D:2      | Reached XP level 3. HP: 0/16 MP: 7/7
  3210 | D:3      | Killed from afar by an orc priest

Skill      XL: |  1  2  3 |
---------------+----------+-----
Earth Magic    | 3 |  3.1
Dodging        | 3 4 |  4.2
Stealth        | 3 |  3.0
Fighting       | 1 |  1.9
Spellcasting   | |  2.5
Transmutations | |  1.1

Action                   |  1- 3 |  4- 6 || total
-------------------------+-------+-------++-------
Melee: Unarmed           |   197 |    86 ||   283
       Bite              |    16 |     5 ||    21
 Cast: Sandblast         |    29 |    10 ||    39
       Stone Arrow       |     1 |       ||     1
  Use: Potion            |     5 |       ||     5
 Stab: Sleeping          |    11 |     5 ||    16
       Distracted        |     1 |       ||     1
  Eat: Chunk             |     2 |       ||     2
       Meat ration       |     1 |       ||     1
Armor: Skin              |    19 |    10 ||    29
Dodge: Dodged            |   182 |    96 ||   278
